 Dungeon Crawl Stone Soup version 0.27.1-1-g398f81649c (webtiles) character file.

Game seed: 181433086300877617

51 AarnesTheHuman the Chucker (level 3, -10/39 HPs)
             Began as an Ogre Hunter on Sept 8, 2021.
             Mangled by Sigmund (11 damage)
             ... on level 2 of the Dungeon.
             The game lasted 00:02:46 (2039 turns).

AarnesTheHuman the Chucker (Ogre Hunter)            Turns: 2039, Time: 00:02:47

Health: -10/39     AC:  3    Str: 17    XL:     3   Next: 83%
Magic:  3/3        EV: 10    Int: 12    God:
Gold:   41         SH:  0    Dex:  9    Spells: 2/2 levels left

rFire    . . .     SeeInvis .   g - +1 whip (drain)
rCold    . . .     Faith    .   (no shield)
rNeg     . . .     Spirit   .   b - +0 robe
rPois    .         Reflect  .   (helmet restricted)
rElec    .         Harm     .   (no cloak)
rCorr    .         Rampage  .   (gloves unavailable)
Will     .....                  (boots unavailable)
Stlth    +.........             (no amulet)
HPRegen  0.13/turn              (no ring)
MPRegen  0.08/turn              (no ring)

@: attractive
A: large, unfitting armour, tough skin 1
a: no special abilities


You were on level 2 of the Dungeon.
You visited 1 branch of the dungeon, and saw 2 of its levels.

You collected 41 gold pieces.

Inventory:

Hand Weapons
 a - a +0 short sword
 f - a +0 short sword
 g - a +1 whip of draining (weapon)
Missiles
 i - 19 stones (quivered)
Armour
 b - a +0 robe (worn)
Potions
 e - a potion of attraction


   Skills:
 + Level 3.7 Fighting
 + Level 0.6 Maces & Flails
 + Level 4.4 Throwing
 + Level 2.4 Dodging
 - Level 0.6 Stealth


You had 2 spell levels left.
You didn't know any spells.
Your spell library was empty.

Dungeon Overview and Level Annotations

Branches:
Dungeon (2/15)

Altars:
The Shining One

Shops:
D:1 ?

Annotations:
D:2 Sigmund


Innate Abilities, Weirdness & Mutations

You are too large for most types of armour.
You have tough skin. (AC +1)


Message History

You hit Sigmund but do no damage. You drain Sigmund.
Sigmund is severely wounded.
The frilled lizard bites you but does no damage.
Sigmund barely misses you.
A worm comes into view.
You miss the frilled lizard. The frilled lizard closely misses you.
Sigmund closely misses you. The frilled lizard closely misses you.
Sigmund casts a spell.
Sigmund flickers and vanishes!
Deactivating autopickup; reactivate with Ctrl-A.
The frilled lizard bites you.
You feel less confused.
You miss the frilled lizard.
The frilled lizard bites you but does no damage.
You miss the frilled lizard. Something hits you!
The frilled lizard barely misses you.
You barely miss the frilled lizard. The frilled lizard closely misses you.
Something hits you!
You miss the frilled lizard. The frilled lizard closely misses you.
You miss the frilled lizard. Something hits you!
* * * LOW HITPOINT WARNING * * *
A quokka comes into view.
The frilled lizard bites you but does no damage.
It was a potion of attraction.
You feel attractive to monsters.
The frilled lizard bites you but does no damage.
Something hits you.
* * * LOW HITPOINT WARNING * * *
The quokka is pulled toward you!
You closely miss the frilled lizard.
The frilled lizard bites you but does no damage.
The quokka is pulled toward you!
You closely miss the frilled lizard. The frilled lizard bites you.
* * * LOW HITPOINT WARNING * * *
The quokka is pulled toward you!
As you read the scroll labelled WAESKAH ALEEX, it crumbles to dust.
It is a scroll of identify.
You don't have any unidentified items.
Something hits you!
You die...

#......##
.......#
....... #.....
# ....# # ...#
## . .. #r.#
.. ....# #@.#
.) ...# #l.#
## ###.####{.#
.((.(.(.w.#
###.......##
#.###w###....#
#
#............#
#..##.##.....#
#....._..#


You could see a worm, a quokka (wandering) and a frilled lizard.

Vanquished Creatures
  Robin (D:2)
  A worm (D:2)
  A dart slug (D:1)
  4 ball pythons (D:1)
  3 endoplasms
  5 goblins
  3 hobgoblins
  3 jackals (D:1)
  4 kobolds
  A quokka (D:2)
  3 bats (D:1)
  A frilled lizard (D:1)
  2 rats (D:1)
32 creatures vanquished.

Notes
Turn   | Place    | Note
-------+----------+-------------------------------------------
     0 | D:1      | AarnesTheHuman the Ogre Hunter began the quest for the Orb.
     0 | D:1      | Reached XP level 1. HP: 22/22 MP: 1/1
   287 | D:1      | Reached XP level 2. HP: 14/31 MP: 2/2
   846 | D:1      | Found a faded altar of an unknown god.
  1079 | D:1      | Found Xipejek's Magic Scroll Emporium.
  1439 | D:1      | Reached XP level 3. HP: 34/37 MP: 3/3
  1613 | D:2      | Noticed Robin
  1615 | D:2      | Killed Robin
  1785 | D:2      | Noticed Sigmund
  1979 | D:2      | Found a glowing golden altar of the Shining One.
  2038 | D:2      | HP: 1/39 [frilled lizard (3)]
  2039 | D:2      | Mangled by Sigmund

Illustrated notes

Levels and vault maps discovered:
D:1:      dpeg_arrival_yet_another_circle, layout_basic,
          hellmonk_ecumenical_altar_arch_garden, serial_shops,
          nicolae_shop_temple_entry_statues_fountains,
          corexii_item_surrounded_by_moat
D:2:      layout_loops_ring, basic_altar, uniq_robin, uniq_natasha, uniq_sigmund

Skill      XL: |  1 |
---------------+----+-----
Dodging        | 2 |  2.4
Fighting       | 3 |  3.7
Maces & Flails | |  0.6
Throwing       | |  4.4
Stealth        | |  0.6

Action                   || total
-------------------------++-------
Melee: Short sword       ||    52
       Whip              ||    42
Throw: Large rock        ||    16
       Throwing net      ||     2
       Stone             ||     1
  Use: Scroll            ||     1
       Potion            ||     1
 Stab: Sleeping          ||     1
Armor: Robe              ||    33
Dodge: Dodged            ||    53
